Map: Traitor's Exile

Players

SANTACLAUS

  • Race: Zerg Zerg
  • Spawn Location: 12:00

IIIIIIIIIIII

  • Race: Zerg Zerg
  • League: Master
  • Spawn Location: 9:00

PureLegacy - Winner!

  • Race: Terran Terran
  • Spawn Location: 6:00

ADOIFHlTLER - Winner!

  • Race: Terran Terran
  • League: Master
  • Spawn Location: 5:00

VOD

Have the link to the VOD?

Description

Time

  • Played on: Nov. 22, 2018, 11:36 a.m.
  • Length: 6:31
Show
View Real Time Build Order
Export as new Build Order

SANTACLAUS Zerg 

Build Orders: Pool First 

Get SALT Encoding   

  12  0:00  Drone  
  13  0:09  Drone  
  14  0:18  Overlord  
  14  0:39  Drone x3  
  17  0:50  Spawning Pool  
  17  0:52  Drone  
  17  0:56  Extractor  
  16  1:01  Drone  
  17  1:17  Drone  
  18  1:24  Drone  
  19  1:37  Queen  
  21  1:45  Overlord  
  21  1:50  Hatchery  
  20  1:59  Metabolic Boost  
  20  2:13  Drone, Queen  
  23  2:17  Baneling Nest  
  23  2:18  Zergling x2  
  23  2:20  Zergling x2  
  24  2:26  Zergling x2  
  25  2:48  Drone  
  25  2:49  Drone x3  
  28  3:04  Zergling x2  
  29  3:09  Zergling x2  
  29  3:10  Zergling x2  
  29  3:11  Queen  
  29  3:12  Queen  
  28  3:22  Zergling x2  
  28  3:23  Zergling x2  
  28  3:30  Zergling x2  
  27  3:36  Zergling x2  
  12  4:19  Zergling x2  
  13  4:27  Baneling  
  13  4:33  Zergling x4  
  13  4:38  Baneling x2  
  15  4:46  Zergling x4  
  17  4:53  Baneling x2  
  17  5:07  Zergling x2  
  17  5:08  Zergling x6  
  17  5:10  Baneling  
  21  5:26  Zergling x4  
  21  5:27  Zergling x4  
  25  5:31  Queen  
  25  5:32  Queen  
  21  5:58  Zergling x2  
  21  5:59  Zergling x10  
Show
View Real Time Build Order
Export as new Build Order

IIIIIIIIIIII Zerg 

Build Orders: Hatch First 

Get SALT Encoding   

  12  0:02  Drone  
  13  0:15  Overlord  
  13  0:19  Drone  
  14  0:34  Drone x2  
  16  0:37  Drone  
  17  1:00  Drone, Hatchery  
  17  1:12  Spawning Pool  
  17  1:14  Extractor  
  17  1:17  Drone  
  16  1:26  Drone  
  17  1:38  Overlord  
  17  1:59  Queen  
  17  2:00  Zergling x6  
  22  2:12  Queen  
  22  2:14  Zergling x2  
  25  2:16  Metabolic Boost  
  25  2:22  Drone x2  
  27  2:34  Spore Crawler  
  25  2:39  Drone  
  25  2:41  Drone x2  
  28  2:55  Zergling x6  
  31  3:03  Queen  
  31  3:04  Zergling x2  
  34  3:10  Zergling x4  
  34  3:12  Overlord  
  34  3:28  Zergling x4  
  33  3:36  Zergling x8  
  35  3:43  Zergling x4  
  35  3:48  Zergling x2  
  35  3:57  Zergling x4  
  38  4:02  Zergling x2  
  38  4:03  Zergling x8  
  38  4:06  Zergling x2  
  43  4:12  Zergling x2  
  42  4:22  Zergling x2  
  42  4:23  Zergling x4  
  42  4:24  Queen  
  41  4:34  Zergling x4  
  41  4:38  Zergling x2  
  43  4:39  Overlord  
  43  4:51  Overlord  
  43  4:58  Zergling x4  
  45  5:02  Zergling x2  
  42  5:14  Zergling x6  
  45  5:16  Zergling x2  
  45  5:17  Zergling x6  
  49  5:22  Zergling x4  
  51  5:34  Zergling x8  
  51  5:35  Zergling x2  
  53  5:48  Zergling x8  
  49  6:08  Zergling x2  
  49  6:09  Zergling x12  
Show
View Real Time Build Order
Export as new Build Order

PureLegacy Terran - Winner!

Build Orders:  

Get SALT Encoding   

  12  0:01  SCV  
  13  0:13  SCV  
  14  0:18  Supply Depot  
  14  0:25  SCV  
  15  0:32  Refinery  
  15  0:40  SCV  
  16  0:47  Barracks  
  16  0:52  SCV  
  17  1:03  Barracks  
  17  1:17  Barracks  
  17  1:23  SCV  
  18  1:37  Reaper  
  19  1:40  Orbital Command  
  19  1:51  Reaper  
  19  1:53  Refinery  
  20  2:03  Supply Depot  
  20  2:04  Reaper  
  21  2:10  Reaper  
  21  2:12  SCV  
  23  2:24  Reaper  
  23  2:26  Supply Depot, SCV  
  25  2:38  Reaper  
  25  2:40  SCV  
  25  2:43  Reaper  
  28  2:57  Reaper  
  29  3:10  Reaper  
  30  3:14  SCV, Command Center  
  30  3:15  Reaper  
  32  3:29  Reaper  
  33  3:42  Reaper  
  34  3:48  SCV  
  34  3:50  Engineering Bay  
  34  3:54  Supply Depot, Reaper  
  36  4:04  Reaper  
  34  4:24  Reaper  
  35  4:34  Terran Infantry Weapons Level 1, Orbital Command  
  35  4:39  Barracks  
  35  4:40  Barracks, Reaper x2  
  35  4:42  Barracks  
  35  4:43  SCV  
  38  4:55  SCV  
  39  5:03  Orbital Command  
  39  5:08  Reaper  
  39  5:12  Reaper  
  39  5:13  SCV  
  42  5:19  Reaper  
  43  5:26  Refinery, SCV  
  43  5:27  Reaper  
  43  5:28  Reaper  
  46  5:30  Refinery, SCV  
  46  5:31  Reaper  
  48  5:38  SCV  
  49  5:43  Supply Depot  
  49  5:54  Reaper  
  49  5:56  Reaper x2  
  52  5:58  SCV x2  
  54  6:10  SCV x2  
  58  6:17  Supply Depot  
  58  6:18  Command Center  
Show
View Real Time Build Order
Export as new Build Order

ADOIFHlTLER Terran - Winner!

Build Orders:  

Get SALT Encoding   

  12  0:00  SCV  
  13  0:12  SCV  
  14  0:18  Supply Depot  
  14  0:25  SCV  
  15  0:40  SCV  
  15  0:41  Barracks  
  16  0:46  Refinery  
  16  0:52  SCV  
  17  1:02  Barracks  
  17  1:07  SCV  
  18  1:19  SCV  
  19  1:30  Barracks Tech Lab  
  19  1:32  Orbital Command  
  19  1:44  Supply Depot  
  19  1:49  Marauder  
  19  1:51  Concussive Shells  
  21  1:57  Barracks Tech Lab  
  21  2:00  SCV  
  22  2:10  Marauder  
  22  2:11  Refinery  
  22  2:15  SCV  
  25  2:20  Marauder  
  27  2:29  Supply Depot  
  27  2:30  SCV  
  27  2:35  Marauder  
  32  2:51  Marauder  
  32  2:54  Stimpack  
  32  2:58  Marauder  
  34  3:01  Supply Depot  
  36  3:13  Marauder  
  36  3:20  Marauder  
  38  3:29  Factory  
  39  3:34  Marauder  
  39  3:41  Marine  
  39  3:44  Supply Depot, SCV  
  42  3:55  Marauder  
  42  3:56  SCV  
  37  4:04  Marauder  
  39  4:13  Factory Reactor, Starport  
  39  4:16  Marine  
  36  4:25  Marauder  
  38  4:34  Marauder  
  40  4:46  Marine  
  40  4:50  Command Center  
  41  4:56  Medivac x2  
  41  4:57  Marine  
  46  5:04  Marine  
  47  5:08  Supply Depot  
  47  5:15  Marauder  
  49  5:22  Marauder  
  51  5:36  Marine  
  51  5:41  Barracks  
  51  5:42  Barracks  
  52  5:43  Marine  
  52  5:45  Medivac  
  55  6:00  Medivac  
  55  6:01  Marauder  
  59  6:12  Marine  
Tags
 
Add a new tag
Caveats
  • Supply blocks, unpowered buildings, or Contaminate may cause inaccurate times.
  • Supply counts are checked every 10 seconds.